 Dungeon Crawl Stone Soup version 0.25-a0-346-g140ab784a8 (webtiles) character file.

Game seed: 15133627072354629837, levelgen mode: deterministic

55 PentaManta the Chopper (level 3, -1/23 HPs)
             Began as a Gargoyle Fighter on Jan 1, 2020.
             Slain by Sigmund
             ... wielding a +0 scythe
              (12 damage)
             ... on level 3 of the Dungeon.
             The game lasted 00:03:42 (1369 turns).

PentaManta the Chopper (Gargoyle Fighter)           Turns: 1369, Time: 00:03:42

Health: -1/23      AC: 10    Str: 20    XL:     3   Next: 93%
Magic:  3/3        EV:  7    Int:  8    God:
Gold:   39         SH:  9    Dex:  9    Spells: 2/2 levels left

rFire    . . .     SeeInvis .   q - +0 whip (elec)
rCold    . . .     Gourm    .   c - +0 shield
rNeg     + . .     Faith    .   b - +0 scale mail
rPois    ∞         Spirit   .   (no helmet)
rElec    +         Reflect  .   (no cloak)
rCorr    .         Harm     .   (no gloves)
MR       .....                  (no boots)
Stlth    ..........             e - amulet of inaccuracy (curse)
HPRegen  0.07/turn              (no ring)
MPRegen  0.08/turn              (no ring)

@: no status effects
A: negative energy resistance 1, electricity resistance, unbreathing,
petrification resistance, rot immunity, AC +3
a: no special abilities


You were on level 3 of the Dungeon.
You were not hungry.

You visited 1 branch of the dungeon, and saw 3 of its levels.

You collected 39 gold pieces.

Inventory:

Hand Weapons
 a - a +0 war axe
 h - a +1 dagger of venom
 j - a +1 dagger of freezing
 q - a +0 whip of electrocution (weapon)
Armour
 b - a +0 scale mail (worn)
 c - a +0 shield (worn)
 k - a +0 plate armour
Jewellery
 e - a cursed amulet of inaccuracy (around neck)
Scrolls
 i - 4 scrolls of identify
Potions
 d - 2 potions of might
Comestibles
 f - 5 rations
 r - a chunk of flesh


   Skills:
 - Level 3.2 Fighting
 + Level 3.7 Axes
 - Level 3.2 Armour
 - Level 3.2 Shields


You had 2 spell levels left.
You didn't know any spells.
Your spell library was empty.

Dungeon Overview and Level Annotations

Branches:
Dungeon (3/15)

Altars:
Dithmenos
Wu Jian
Zin

Annotations:
D:3 Sigmund


Innate Abilities, Weirdness & Mutations

You are resistant to torment.
Your stone body is resilient. (AC +3)
You are immune to poison.
You resist negative energy. (rN+)
You are resistant to electric shocks. (rElec)
You can survive without breathing.
You are immune to petrification.
You are immune to rotting.


Message History

Your ears itch!
It was a scroll of random uselessness.
Sigmund appears from thin air!
Reactivating autopickup.
You block the kobold's attack.
Sigmund casts a spell.
Sigmund flickers and vanishes!
Deactivating autopickup; reactivate with Ctrl-A.
As you read the scroll labeled CYGY JODDIA, it crumbles to dust.
It is a scroll of amnesia.
You feel forgetful for a moment. The kobold hits you but does no damage.
You block something's attack.
As you read the scroll labeled RILEIBLOEN, it crumbles to dust.
The scroll dissolves into smoke.
It was a scroll of fog.
The kobold hits you but does no damage.
As you read the scroll labeled XUAX CEPPUA, it crumbles to dust.
It is a scroll of identify.
k - a +0 plate armour The kobold barely misses you.
Something hits you!
Ouch! That really hurt!
You die...

####### ### ###..... ..#
.......# #.# .......#
#.# .......# #§# ##.
.....!.######§####§.....
....†.......§§{K@§§....#
...(...#.####§#§#§§#+#..
...(###### ########
..<.# ....# ....# .....
...... .......


You could see a kobold.

Vanquished Creatures
  An adder (D:2)
  An ooze (D:1)
  A worm (D:2)
  A dart slug (D:1)
  A ball python (D:2)
  5 bats
  2 giant cockroaches
  4 goblins
  2 hobgoblins
  3 jackals (D:2)
  3 frilled lizards (D:2)
  6 kobolds
  8 rats
38 creatures vanquished.

Notes
Turn   | Place    | Note
-------+----------+-------------------------------------------
     0 | D:1      | PentaManta the Gargoyle Fighter began the quest for the
                  | Orb.
     0 | D:1      | Reached XP level 1. HP: 14/14 MP: 1/1
   161 | D:1      | Reached XP level 2. HP: 19/19 MP: 2/2
   750 | D:2      | Reached XP level 3. HP: 23/23 MP: 3/3
   826 | D:2      | Found a shadowy altar of Dithmenos.
   897 | D:2      | Found an ornate altar of the Wu Jian Council.
  1259 | D:2      | Found a glowing silver altar of Zin.
  1336 | D:3      | Noticed Sigmund
  1369 | D:3      | Slain by Sigmund

Levels and vault maps discovered:
D:1:      dpeg_arrival_subterranean_lakeside_camping, layout_basic,
          chequers_mini_garden, minmay_misc_feat_square,
          hangedman_abyss_or_decor_stabs
D:2:      layout_rooms, lemuel_doored_altar, old_standard_altar, zin_treasury
D:3:      layout_basic, first_ration, uniq_sigmund, uniq_grinder,
          uniq_crazy_yiuf_cottage

Skill      XL: |  1  2 |
---------------+-------+-----
Axes           | 2 3 |  3.7
Fighting       | |  3.2
Armour         | |  3.2
Shields        | |  3.2

Action                   || total
-------------------------++-------
Melee: War axe           ||    24
       Short sword       ||    59
       Dagger            ||    51
       Whip              ||   164
  Use: Scroll            ||     4
       Potion            ||     4
  Eat: Chunk             ||     2
Armor: Scale mail        ||   152
Dodge: Dodged            ||    93
Block: Shield            ||   143

Table legend:
 A = Non-vault XP
 B = Vault XP
 C = Vault XP percentage of total XP
 D = Non-vault monster count
 E = Vault monster count
 F = Vault count percentage of total count
                 A         B        C        D         E       F
            +---------+---------+-------+---------+---------+-------
      Total |      70 |       9 |  11.4 |      32 |       6 |  15.8
            +---------+---------+-------+---------+---------+-------
        D:1 |      23 |       9 |  28.1 |      10 |       6 |  37.5
        D:2 |      46 |       0 |   0.0 |      21 |       0 |   0.0
        D:3 |       1 |       0 |   0.0 |       1 |       0 |   0.0
            +---------+---------+-------+---------+---------+-------
